Map: Néo-Gettysburg EC

Players

zidar - Winner!

  • Race: Zerg Zerg
  • League: Platinum
  • Spawn Location: 5:00

Yetti

  • Race: Zerg Zerg
  • League: Gold
  • Spawn Location: 7:00

VOD

Have the link to the VOD?

Description

Time

  • Played on: Nov. 3, 2016, 1:12 p.m.
  • Length: 4:24
Show
View Real Time Build Order
Export as new Build Order

zidar Zerg - Winner!

Build Orders: 1 Base Baneling Bust, Pool Only 

Get SALT Encoding   

  12  0:01  Drone  
  13  0:08  Drone  
  13  0:13  Extractor  
  13  0:16  Drone  
  14  0:35  Spawning Pool  
  13  0:39  Drone  
  14  0:49  Overlord  
  14  0:59  Overlord  
  14  1:23  Metabolic Boost  
  14  1:26  Queen  
  14  1:29  Zergling x2  
  17  1:40  Zergling x2  
  17  1:41  Zergling x2  
  20  1:47  Zergling x2  
  20  1:52  Zergling x2  
  20  1:53  Baneling Nest  
  20  2:05  Zergling x2  
  21  2:15  Zergling x2  
  22  2:24  Zergling x2  
  23  2:35  Zergling x2  
  24  2:39  Zergling x6  
  27  3:03  Zergling x4  
  29  3:16  Zergling x2  
  24  3:44  Zergling x10  
Show
View Real Time Build Order
Export as new Build Order

Yetti Zerg 

Build Orders: Hatch First 

Get SALT Encoding   

  12  0:01  Drone  
  13  0:10  Drone  
  14  0:25  Overlord  
  14  0:44  Hatchery  
  13  0:50  Drone  
  13  0:51  Extractor  
  13  0:54  Drone  
  15  0:57  Drone  
  16  1:12  Spawning Pool  
  16  1:16  Drone  
  16  1:19  Drone  
  16  1:24  Extractor  
  16  1:25  Drone  
  17  1:34  Drone  
  18  1:46  Overlord  
  18  1:59  Queen x2  
  22  2:02  Zergling x2  
  22  2:04  Zergling x2  
  24  2:11  Drone  
  24  2:13  Drone  
  26  2:17  Drone  
  26  2:22  Extractor, Drone  
  27  2:31  Drone  
  27  2:32  Baneling Nest  
  27  2:36  Drone  
  28  2:41  Drone  
  29  2:46  Zergling x2  
  30  2:54  Roach Warren  
  30  2:55  Drone  
  30  3:01  Drone  
  30  3:02  Drone  
  32  3:12  Drone x3  
  35  3:16  Baneling x2  
  35  3:20  Zergling x2  
  31  3:36  Zergling x2  
  31  3:40  Baneling  
  15  3:41  Zergling x10  
  15  3:48  Zergling x4  
Tags
 
Add a new tag
Caveats
  • Supply blocks, unpowered buildings, or Contaminate may cause inaccurate times.
  • Supply counts are checked every 10 seconds.